 Dungeon Crawl Stone Soup version 0.27-a0-457-gba82baf56e (webtiles) character file.

Game seed: 5403313759979219367

69278 Chiseanne the Protected (level 14, -2/114 HPs)
             Began as a Demonspawn Wanderer on Feb 28, 2021.
             Was an Initiate of Gozag.
             Slain by an orc knight
             ... wielding a +0 great sword
              (13 damage)
             ... on level 2 of the Orcish Mines.
             The game lasted 01:15:10 (21580 turns).

Chiseanne the Protected (Demonspawn Wanderer)      Turns: 21580, Time: 01:15:11

Health: -2/114     AC: 22    Str: 19    XL:     14   Next: 89%
Magic:  15/15      EV:  9    Int: 13    God:    Gozag
Gold:   1640       SH: 23    Dex: 16    Spells: 15/15 levels left

rFire    + . .     SeeInvis .   a - +3 broad axe
rCold    + . .     Faith    .   O - +0 tower shield
rNeg     + . .     Spirit   .   m - +0 chain mail {rC+}
rPois    +         Reflect  +   L - +0 helmet
rElec    .         Harm     .   r - +2 cloak
rCorr    .         Rampage  .   (gloves unavailable)
Will     +++..                  j - +2 pair of boots
Stlth    ..........             C - amulet of reflection
HPRegen  0.29/turn              B - ring "Zonohot" {rPois rN+ Will+}
MPRegen  0.14/turn              Q - ring of Joschil {rF+ Will+ Str+4 Slay+3}

@: no status effects
A: claws 3, demonic guardian 1, powered by death 3, sharp scales 1
a: Renounce Religion, Potion Petition, Call Merchant, Bribe Branch


You were on level 2 of the Orcish Mines.
You worshipped Gozag.
Gozag was most pleased with you.
You visited 3 branches of the dungeon, and saw 18 of its levels.

You collected 5798 gold pieces.
You spent 2954 gold pieces at shops.
You paid 1204 gold pieces to Gozag.

Inventory:

Hand Weapons
 a - a +3 broad axe (weapon)
 q - the +7 hand crossbow "Ecaist" {vorpal, rF+ Dex+4 SInv}
   (You bought it in a shop on level 9 of the Dungeon)

   Any bolt fired from it inflicts extra damage.
   It affects your dexterity (+4).
   It protects you from fire.
   It lets you see invisible.
 w - the +9 hand crossbow "Efugra" {elec, Stlth+}
   (You found it on level 8 of the Dungeon)

   It charges the ammunition it shoots with electricity; occasionally upon a
   hit, such missiles may discharge and cause terrible harm.
   It makes you more stealthy.
 F - a +2 morningstar of freezing
 N - a +0 scimitar of flaming
Missiles
 d - 26 poisoned darts (quivered)
 g - 3 boomerangs of dispersal
 n - 24 boomerangs
 s - 2 silver boomerangs
 t - 3 throwing nets
 y - 4 atropa-tipped darts
 K - 10 javelins
Armour
 j - a +2 pair of boots (worn)
 k - a +3 crystal plate armour
 m - a +0 chain mail of cold resistance (worn)
 p - a +2 scale mail of poison resistance
 r - a +2 cloak (worn)
 D - a +1 scale mail of fire resistance
 L - a +0 helmet (worn)
 O - a +0 tower shield (worn)
Jewellery
 b - a ring of flight
 B - the ring "Zonohot" (left claw) {rPois rN+ Will+}
   (You bought it in a shop on level 6 of the Dungeon)

   [ring of positive energy]

   It protects you from poison.
   It protects you from negative energy.
   It affects your willpower, your defense against some magical effects.
 C - an amulet of reflection (around neck)
 Q - the ring of Joschil (right claw) {rF+ Will+ Str+4 Slay+3}
   (You bought it in a shop on level 9 of the Dungeon)

   [ring of protection from fire]

   It affects your strength (+4).
   It affects your accuracy and damage with ranged weapons and melee attacks
   (+3).
   It protects you from fire.
   It affects your willpower, your defense against some magical effects.
Wands
 l - a wand of flame (5)
 x - a wand of polymorph (7)
 z - a wand of paralysis (8)
 G - a wand of mindburst (14)
Scrolls
 f - a scroll of teleportation
 i - 6 scrolls of identify
 v - 3 scrolls of immolation
 I - 5 scrolls of magic mapping
 P - 2 scrolls of blinking
Potions
 e - 2 potions of lignification
 J - 4 potions of curing
 M - a potion of resistance
Miscellaneous
 c - a phantom mirror
 H - a box of beasts


   Skills:
 - Level 11.9 Fighting
 - Level 1.7 Maces & Flails
 - Level 10.0 Crossbows
 - Level 1.0 Throwing
 * Level 13.2 Armour
 - Level 7.2 Dodging
 - Level 1.0 Stealth
 * Level 12.4 Shields
 - Level 1.0 Spellcasting
 - Level 2.1 Necromancy


You had 15 spell levels left.
You didn't know any spells.
Your spell library contained the following spells:

 Spells                   Type           Power        Failure   Level
 Beastly Appendage        Tmut           0%           100%        1
 Corona                   Hex            0%           100%        1
 Ensorcelled Hibernation  Hex/Ice        0%           100%        2
 Wereblood                Tmut           0%           100%        2
 Confusing Touch          Hex            0%           100%        3
 Dazzling Flash           Conj/Hex       0%           100%        3
 Spider Form              Tmut/Pois      0%           100%        3
 Tukima's Dance           Hex            0%           100%        3
 Ice Form                 Ice/Tmut       0%           100%        4
 Blade Hands              Tmut           0%           100%        5
 Irradiate                Conj/Tmut      0%           100%        5
 Hydra Form               Tmut           0%           100%        6
 Statue Form              Tmut/Erth      0%           100%        6
 Dragon Form              Tmut           0%           100%        7


Dungeon Overview and Level Annotations

Branches:
Dungeon (15/15)            Temple (1/1) D:7            Lair (0/6) D:11
    Orc (2/2) D:12            Elf (0/3) Orc:2        Vaults (0/5) D:13
 Depths (0/5) D:15

Altars:
Cheibriados
Dithmenos
Elyvilon
Fedhas
Gozag
Kikubaaqudgha
Makhleb
Nemelex Xobeh
Okawaru
Qazlal
Ru
Vehumet
Wu Jian
Xom
Zin
The Shining One

Shops:
D:6 =   D:9 =(   D:13 !   D:15 *

Annotations:
D:8 exclusion: oklob plant
D:14 Snorg


Innate Abilities, Weirdness & Mutations

You have claws for hands.
A weak demonic guardian rushes to your aid.
You regenerate a lot of health from kills.
You are partially covered in razor-sharp scales. (AC +1, Slay +1)


Message History

The orc high priest is moderately wounded.
You hit the orc knight. You block the orc high priest's attack.
You block the orc warrior's attack. You block the orc knight's attack.
The orc high priest mumbles some strange prayers to Beogh against you.
Beogh smites you!
The orc warrior hits you from afar with a +0 glaive!
You slash the orc high priest!
The orc high priest is moderately wounded.
You hit the orc knight but do no damage.
The orc knight hits you with a +0 great sword!
You block the orc high priest's attack. You block the orc warrior's attack.
The orc knight hits you with a +0 great sword!
You closely miss the orc high priest.
The orc high priest is moderately wounded.
You hit the orc knight but do no damage.
The orc knight no longer looks unusually strong.
The orc high priest no longer looks unusually strong.
The orc high priest barely misses you.
The orc knight roars a battlecry!
The orcs go into a battle-frenzy!
You block the orc warrior's attack. You block the orc knight's attack.
The orc high priest hits you with a +0 battleaxe of electrocution.
You hit the orc high priest.
The orc high priest is heavily wounded.
You closely miss the orc knight.
The orc knight no longer looks unusually strong.
You block the orc warrior's attack. You block the orc knight's attack.
The orc high priest mumbles some strange prayers to Beogh against you.
Beogh smites you!
* * * LOW HITPOINT WARNING * * *
The orc high priest hits you with a +0 battleaxe of electrocution!
* * * LOW HITPOINT WARNING * * *
A demonic guardian appears!
The orc warrior hits you but does no damage.
The orc high priest mumbles some strange prayers to Beogh against you.
Beogh smites you!
* * * LOW HITPOINT WARNING * * *
The orc knight hits you with a +0 great sword!
You die...
Your body crumbles into a pile of gold.

#....[.[...#..## .
#.........#.#..##
.###................
..##)........#......
#.##.#(((...........
#.##....(...#.......
#.##.....(..........
..#####o##............#...
....3o4oo@o......(........
..#####3##..##..#.........
#.##4......#........
#.##...#............
##.##..###........##. #
#..######....#....### .#.#
##$## #......#.....# ....o
##..# ##....#.......
#...oo##o$## #....##.....#


You could see 2 orc knights, a soul eater (summoned), 2 orc high priests, a sun
demon (summoned), a red devil (summoned), an orc warrior (strong) and a friendly
orange demon (summoned, wandering).

Vanquished Creatures
  Azrael (D:12)
  2 ettins
  2 hydras (D:15)
  Erolcha (D:11)
  4 vault guards
  2 boulder beetles
  5 centaur warriors
  6 two-headed ogres
  2 death knights
  3 orc high priests
  A deep elf knight (D:12)
  3 skeletal warriors (D:14)
  3 unseen horrors
  3 orc knights
  A phantasmal warrior (D:12)
  3 deep elf archers (D:12)
  9 deep elf pyromancers
  3 ugly things
  4 deep elf zephyrmancers (D:12)
  5 orc sorcerers
  3 manticores
  2 cyclopes
  2 centaur zombies
  A guardian serpent (shapeshifter) (D:13)
  A kobold demonologist (D:14)
  Psyche (D:9)
  A komodo dragon (D:15)
  An efreet (D:15)
  2 freezing wraiths (D:12)
  5 trolls
  4 hornets
  20 slime creatures
  A dream sheep (shapeshifter) (D:8)
  A wyvern (D:9)
  2 shadows
  A vampire (D:13)
  18 yaks
  Eustachio (D:4)
  4 fire elementals (D:12)
  A steam dragon (D:8)
  A basilisk (D:12)
  A water elemental (D:15)
  3 vampire mosquitoes (D:12)
  3 wargs
  A soldier ant (D:14)
  3 acid dragons (D:15)
  4 hell hounds (D:12)
  31 orc warriors
  An ice beast (shapeshifter) (D:15)
  2 black bears
  20 ogres
  3 sky beasts
  An eye of draining (D:12)
  An eye of draining (shapeshifter) (D:15)
  3 ice beasts
  8 centaurs
  A phantom (D:9)
  A gnoll sergeant (D:4)
  A wyvern zombie (D:13)
  10 bullfrogs
  4 scorpions
  10 killer bees
  2 wights
  3 howler monkeys
  A bullfrog zombie (D:8)
  7 hounds
  5 jellies
  24 orc priests
  3 bullfrog skeletons
  2 centaur skeletons
  2 iguanas
  14 worker ants
  37 orc wizards
  A hound zombie (D:9)
  A worker ant zombie (D:10)
  12 gnolls
  5 adders
  A howler monkey skeleton (D:7)
  2 shadow imps
  3 white imps
  2 ufetubi (D:5)
  An ooze (D:3)
  3 adder skeletons
  3 adder zombies
  2 worms
  2 dart slugs
  9 leopard geckos
  103 orcs
  8 bats
  3 giant cockroaches
  15 goblins
  10 hobgoblins
  11 jackals
  A quokka (D:4)
  2 ball pythons
  9 frilled lizards
  A jackal skeleton (D:6)
  13 kobolds
  2 leopard gecko skeletons
  A leopard gecko zombie (D:6)
  2 quokka skeletons (D:6)
  7 rats
583 creatures vanquished.

Vanquished Creatures (collateral kills)
  An orc knight (Orc:2)
  A slime creature (D:12)
  An ice beast (D:7)
  A wight (D:8)
  2 orc priests (D:4)
  A shadow imp (D:8)
  7 jackals
14 creatures vanquished.

Vanquished Creatures (others)
  Nessos (Orc:2)
  9 plants
10 creatures vanquished.

Grand Total: 607 creatures vanquished

Notes
Turn   | Place    | Note
-------+----------+-------------------------------------------
     0 | D:1      | Chiseanne the Demonspawn Wanderer began the quest for the
                  | Orb.
     0 | D:1      | Chiseanne set off with the following items: a +2 mace, a +0
                  | hand axe, a +0 ring mail
     0 | D:1      | Reached XP level 1. HP: 13/13 MP: 2/2
   370 | D:1      | Gained mutation: You are partially covered in razor-sharp
                  | scales. (AC +1, Slay +1) [demonic ancestry]
   370 | D:1      | Reached XP level 2. HP: 18/20 MP: 3/3
   682 | D:2      | Reached skill level 1 in Fighting
   682 | D:2      | Reached skill level 3 in Armour
   682 | D:2      | Reached skill level 1 in Dodging
   982 | D:2      | Gained mutation: You regenerate a little health from kills.
                  | [demonic ancestry]
   982 | D:2      | Reached XP level 3. HP: 26/26 MP: 4/4
  1542 | D:2      | Reached XP level 4. HP: 33/33 MP: 5/5
  2128 | D:3      | Gained mutation: A weak demonic guardian rushes to your
                  | aid. [demonic ancestry]
  2128 | D:3      | Reached XP level 5. HP: 36/39 MP: 6/6
  2241 | D:3      | Found a faded altar of an unknown god.
  2946 | D:4      | Noticed an ogre
  2959 | D:4      | Killed an ogre
  2960 | D:4      | Reached skill level 4 in Armour
  3212 | D:4      | Noticed an ogre
  3220 | D:4      | Killed an ogre
  3221 | D:4      | Reached XP level 6. HP: 47/47 MP: 7/7
  3232 | D:4      | Found a sacrificial altar of Ru.
  3232 | D:4      | Found an iron altar of Okawaru.
  3867 | D:4      | Found an ancient bone altar of Kikubaaqudgha.
  4198 | D:4      | Gained mutation: You regenerate health from kills. [demonic
                  | ancestry]
  4198 | D:4      | Reached XP level 7. HP: 54/54 MP: 8/8
  4290 | D:5      | Entered Level 5 of the Dungeon
  4290 | D:5      | Noticed Edmund
  4463 | D:4      | Reached skill level 5 in Armour
  4569 | D:5      | Noticed Eustachio
  4636 | D:4      | Reached skill level 1 in Shields
  4900 | D:4      | Killed Eustachio
  5180 | D:5      | Reached XP level 8. HP: 46/61 MP: 9/9
  5618 | D:5      | Reached skill level 5 in Fighting
  5672 | D:5      | Noticed Edmund
  5672 | D:5      | Edmund changed into Edmund the ogre
  5686 | D:5      | Killed Edmund the ogre
  5939 | D:5      | Found a white marble altar of Elyvilon.
  6521 | D:5      | Reached skill level 5 in Dodging
  6644 | D:6      | Found Seaweh's Jewellery Boutique.
  6681 | D:6      | Reached skill level 6 in Armour
  6894 | D:6      | Found a burning altar of Makhleb.
  7167 | D:6      | Found a radiant altar of Vehumet.
  7167 | D:6      | Found a shimmering altar of Xom.
  7209 | D:7      | Found a staircase to the Ecumenical Temple.
  7239 | Temple   | Entered the Ecumenical Temple
  7245 | Temple   | Became a worshipper of Gozag Ym Sagoz the Greedy
  7585 | D:7      | Gained mutation: You have sharp fingernails. [demonic
                  | ancestry]
  7585 | D:7      | Reached XP level 9. HP: 57/69 MP: 10/10
  7657 | D:7      | Identified the +8 dagger of Yredelemnul's Whim {flame,
                  | Str+3 Dex+2}
  7771 | D:7      | You fall into a shaft and drop 3 floors!
  7771 | D:10     | Entered Level 10 of the Dungeon
  7935 | D:9      | Noticed Psyche
  8015 | D:9      | Paralysed by a hornet for 2 turns
  8018 | D:9      | Paralysed by a hornet for 1 turns
  8020 | D:9      | Reached skill level 7 in Armour
  8080 | D:9      | Killed Psyche
  8216 | D:9      | Reached skill level 5 in Shields
  8789 | D:9      | Gained mutation: You have very sharp fingernails. [demonic
                  | ancestry]
  8789 | D:9      | Reached XP level 10. HP: 59/79 MP: 11/11
  8903 | D:9      | Noticed Maurice
  8905 | D:9      | Noticed Maurice
  8905 | D:9      | Maurice changed into Maurice the iguana
  8921 | D:8      | Killed Maurice the iguana
  8960 | D:8      | Noticed a guardian serpent
  8967 | D:8      | Found an iron altar of Okawaru.
  8968 | D:8      | Noticed an oklob plant
  9231 | D:8      | Identified the +0 pair of gloves "Yteukh" {rCorr}
  9242 | D:8      | Identified the +9 hand crossbow "Efugra" {elec, Stlth+}
  9318 | D:8      | Reached skill level 8 in Armour
  9478 | D:6      | Bought the ring "Zonohot" {rPois rN+ Will+} for 441 gold
                  | pieces
  9478 | D:6      | Bought an amulet of reflection for 360 gold pieces
  9626 | D:8      | Reached skill level 1 in Crossbows
  9646 | D:8      | Killed an unseen horror
  9675 | D:8      | Found a snail-covered altar of Cheibriados.
 10008 | D:8      | Noticed a boulder beetle
 10013 | D:8      | Killed a boulder beetle
 10436 | D:9      | Gained mutation: You regenerate a lot of health from kills.
                  | [demonic ancestry]
 10436 | D:9      | Reached XP level 11. HP: 95/95 MP: 12/12
 11058 | D:9      | Reached XP level 12. HP: 102/102 MP: 13/13
 11886 | D:9      | Reached skill level 9 in Armour
 12083 | D:10     | Found a white marble altar of Elyvilon.
 12346 | D:11     | Noticed a two-headed ogre
 12354 | D:11     | Killed a two-headed ogre
 12785 | D:11     | Noticed Erolcha
 12792 | D:11     | Killed Erolcha
 12860 | D:11     | Reached skill level 5 in Crossbows
 12932 | D:11     | Found a staircase to the Lair.
 13191 | D:12     | Noticed Azrael
 13209 | D:12     | Killed Azrael
 13243 | D:12     | Reached skill level 10 in Armour
 13730 | D:12     | Found a staircase to the Orcish Mines.
 13793 | D:12     | Noticed a death knight
 13805 | D:12     | Killed a death knight
 14103 | D:12     | Reached XP level 13. HP: 107/107 MP: 14/14
 15135 | D:12     | Reached skill level 11 in Armour
 15155 | D:12     | Reached skill level 10 in Shields
 15172 | D:12     | Chiseanne: lol
 15505 | D:12     | Identified the ring "Yraircho" {*Corrode rPois rN+++ Int+6
                  | Dex-5}
 15936 | D:13     | Found a gate to the Vaults.
 16040 | D:9      | Bought the ring of Joschil {rF+ Will+ Str+4 Slay+3} for 703
                  | gold pieces
 16043 | D:9      | Bought 28 bolts for 95 gold pieces
 16043 | D:9      | Bought 4 curare-tipped darts for 40 gold pieces
 16510 | D:13     | Found Abureq's Distillery.
 16974 | D:14     | Gained mutation: You have claws for hands. [demonic
                  | ancestry]
 16974 | D:14     | Reached XP level 14. HP: 104/114 MP: 15/15
 17007 | D:14     | Noticed Snorg
 17046 | D:14     | Reached skill level 12 in Armour
 17517 | D:15     | Entered Level 15 of the Dungeon
 17517 | D:15     | Found Ecriz's Assorted Antiques.
 17526 | D:15     | Bought a potion of curing for 90 gold pieces
 17526 | D:15     | Bought a potion of curing for 90 gold pieces
 18258 | D:15     | Found a staircase to the Depths.
 18315 | D:15     | Found a radiant altar of Vehumet.
 18929 | D:9      | Bought the +7 hand crossbow "Ecaist" {vorpal, rF+ Dex+4
                  | SInv} for 1135 gold pieces
 18977 | Orc:1    | Entered Level 1 of the Orcish Mines
 19024 | Orc:1    | Found an iron altar of Okawaru.
 19045 | Orc:1    | Reached skill level 10 in Crossbows
 19803 | Orc:2    | Entered Level 2 of the Orcish Mines
 19803 | Orc:2    | Found a staircase to the Elven Halls.
 20218 | Orc:2    | Noticed Nessos
 20222 | Orc:2    | Killed Nessos
 20566 | Orc:2    | Reached skill level 13 in Armour
 21580 | Orc:2    | Slain by an orc knight

Illustrated notes

Levels and vault maps discovered:
D:1:      saegor_arrival_miasma, layout_loops_ring
D:2:      layout_loops_corners, st_stairs_14
D:3:      layout_basic, chequers_ecumenical_altar_simple_redux, minivault_11,
          guppyfry_early_orc_mine
D:4:      cheibrodos_helix_gallery, layout_loops_corners,
          gammafunk_temple_overflow_wave, kennysheep_little_box
D:5:      layout_layer_cave, nicolae_overflow_hidden_temple, sword_in_stone,
          uniq_edmund
D:6:      layout_rooms, overflow_temple_1_default,
          gammafunk_temple_overflow_pools, serial_shops, nicolae_shop_crystal,
          roderic_lattice_a
D:7:      layout_cave_pools, minmay_temple_entry_stoned_glass, serial_glass,
          glass_columns_a, glass_columns_a, minmay_strange_pillars,
          due_unseen_surprise, item_on_display_a, item_on_display_a
D:8:      minmay_the_grid_octo_triangle [minmay_the_grid_octo_77,
          minmay_the_grid_octo_prize_ultimate_mussel_roller,
          minmay_the_grid_octo_clover_2], layout_rooms, cheibriados_altar_1,
          chequers_serial_rivers_large_b, lemuel_oklob_altar
D:9:      minmay_goldmine, layout_loops_ring, uniq_maurice, uniq_psyche
D:10:     layout_long_grid, basic_altar
D:11:     layout_basic, lair_entry_dummy, chequers_garden,
          minmay_misc_feat_more_columns, uniq_erolcha
D:12:     minmay_elf_outpost, layout_cave_pools, erik_orc_4,
          serial_co_window_serial, co_window_of_opportunity_a,
          co_window_paths_a, co_window_corner_a, co_window_paths_a,
          co_window_paths_a, co_window_broadway_b, co_window_corner_b,
          co_window_2corner, co_window_corner_cb, co_window_of_opportunity_b,
          co_window_unsneaky_path_a, co_window_2corner, glass_columns_a,
          uniq_azrael
D:13:     layout_cross, lightli_vaults_fourway_checkpoint, serial_shops,
          shop_fountains, grunt_decor_arrowhead, kennysheep_another_room
D:14:     layout_grid_maze, evilmike_ruin_ashenzari, basic_altar, uniq_snorg
D:15:     hangedman_depths_entry_civil_slaughter, layout_basic,
          serial_bayou_pond_c, serial_shops, shop, basic_altar,
          solitary_fountain, hangedman_abyss_or_decor_clamps
Temple:   eino_narrow_crystal_temple
Orc:1:    layout_diamond_mine, okawaru_metal_pillars_1_2
Orc:2:    st_orc_elflike, layout_caves, uniq_nessos

Skill      XL: |  1  2  3  4  5  6  7  8  9 10 11 12 13 14 |
---------------+-------------------------------------------+-----
Fighting       | 1 2 3 4 6 7 11 | 11.9
Armour         | 3 4 5 6 7 8 10 11 13 | 13.2
Dodging        | 1 2 3 4 5 6 7 |  7.2
Shields        | 1 3 5 6 7 9 10 12 | 12.4
Crossbows      | 2 3 6 8 10 | 10.0
Maces & Flails | |  1.7
Throwing       | |  1.0
Stealth        | |  1.0
Spellcasting   | |  1.0
Necromancy     | |  2.1

Action                   |  1- 3 |  4- 6 |  7- 9 | 10-12 | 13-15 || total
-------------------------+-------+-------+-------+-------+-------++-------
Melee: Mace              |    91 |       |       |       |       ||    91
       Short sword       |     4 |   209 |   363 |   142 |       ||   718
       Long sword        |       |       |   294 |    42 |       ||   336
       Dagger            |       |       |     3 |    10 |       ||    13
       Spear             |       |       |       |    18 |       ||    18
       Falchion          |       |       |       |   147 |    91 ||   238
       Hand crossbow     |       |       |       |     1 |       ||     1
       Broad axe         |       |       |       |       |   208 ||   208
       Morningstar       |       |       |       |       |     4 ||     4
 Fire: Hand crossbow     |       |       |       |   337 |   397 ||   734
Throw: Dart              |       |       |    46 |    15 |    17 ||    78
Invok: Call Merchant     |       |       |       |     1 |     1 ||     2
Evoke: Wand              |       |       |    13 |     5 |    41 ||    59
       Box of beasts     |       |       |       |     1 |       ||     1
       Phantom mirror    |       |       |       |     1 |       ||     1
  Use: Scroll            |       |    12 |    12 |     5 |     2 ||    31
       Potion            |       |     3 |     6 |     1 |       ||    10
 Stab: Distracted        |       |       |     1 |     3 |     5 ||     9
Armor: Crystal plate arm |   106 |   229 |   984 |   180 |       ||  1499
       Chain mail        |     5 |       |       |       |    61 ||    66
       Skin              |       |       |    25 |       |       ||    25
       Scale mail        |       |       |       |   126 |   108 ||   234
Dodge: Dodged            |     8 |     6 |    39 |   105 |   132 ||   290
Block: Kite shield       |       |       |   564 |   476 |   136 ||  1176
       Reflection        |       |       |       |     9 |    38 ||    47
       Tower shield      |       |       |       |       |   451 ||   451
       Rpst.: Long sword |       |       |     4 |       |       ||     4
       Falchion          |       |       |       |    22 |    11 ||    33

Table legend: (Time is in decaauts)
 A = Elapsed time spent in this place.
 B = Non-inter-level travel time spent in this place.
 C = Inter-level travel time spent in this place.
 D = Time resting spent in this place.
 E = Time spent auto-exploring this place.
 F = Levels seen in this place.
 G = Mean time per level.
                   A        B        C        D        E       F      G
               +--------+--------+--------+--------+--------+-----+--------+
         Total |  22600 |  21748 |    852 |   4503 |  10805 |  18 | 1255.6 |
       Dungeon |  19807 |  19029 |    778 |   3708 |   9769 |  15 | 1320.5 |
        Temple |     12 |     12 |      0 |      0 |      0 |   1 |   12.0 |
  Orcish Mines |   2780 |   2706 |     74 |    795 |   1036 |   2 | 1390.0 |
               +--------+--------+--------+--------+--------+-----+--------+

Top non-repeatable levels by time:
    D:12: 2398 daAuts
     D:9: 2378 daAuts
     D:4: 2014 daAuts
     D:5: 1641 daAuts
    D:11: 1559 daAuts
   Orc:1: 1487 daAuts
   Orc:2: 1292 daAuts
     D:8: 1286 daAuts
    D:15: 1272 daAuts
     D:3: 1196 daAuts
    D:10: 1104 daAuts
     D:2: 1050 daAuts
    D:13: 934 daAuts
     D:6: 830 daAuts
     D:7: 766 daAuts
